 Dungeon Crawl Stone Soup version 0.30-a0-21-g5d08c37080 (webtiles) character file.

Game seed: 11426105713934810880

198 Plasmagod the Trooper (level 6, -1/53 HPs)
             Began as a Formicid Fighter on Aug 24, 2022.
             Was an Initiate of Ashenzari.
             Slain by an orc warrior
             ... wielding a +0 halberd
              (10 damage)
             ... on level 4 of the Dungeon.
             The game lasted 00:05:10 (2951 turns).

Plasmagod the Trooper (Formicid Fighter)            Turns: 2951, Time: 00:05:10

Health: -1/53      AC: 12    Str: 22    XL:     6   Next: 6%
Magic:  6/6        EV:  7    Int:  8    God:    Ashenzari [......]
Gold:   109        SH:  6    Dex: 20    Spells: 5/5 levels left

rFire   . . .      SeeInvis +    a - +0 war axe
rCold   x . .      Faith    .    c - +0 buckler
rNeg    . . .      Spirit   .    u - +2 chain mail "Odwakkai" {-Tele rC- Dex+7}
rPois   .          Reflect  .    (helmet unavailable)
rElec   .          Harm     .    (no cloak)
rCorr   .          Rampage  .    r - +0 pair of gloves
Will    +....                    (no boots)
Stlth   ..........               (no amulet)
HPRegen 0.17/turn                m - ring of willpower
MPRegen 0.10/turn                (no ring)

@: no status effects
A: permanent stasis, dig shafts and tunnels, antennae 3, four strong arms
a: Dig, Shaft Self, Renounce Religion


You were on level 4 of the Dungeon.
You worshipped Ashenzari.
Ashenzari was noncommittal.
You visited 2 branches of the dungeon, and saw 5 of its levels.

You collected 109 gold pieces.

Inventory:

Hand Weapons
 a - a +0 war axe (weapon)
Armour
 c - a +0 buckler (worn)
 q - a +0 plate armour
 r - a +0 pair of gloves (worn)
 u - the +2 chain mail "Odwakkai" (worn) {-Tele rC- Dex+7}
   (You found it on level 3 of the Dungeon)

   Dex:       It affects your dexterity (+7).
   rC:        It makes you vulnerable to cold.
   -Tele:     It prevents most forms of teleportation.
Jewellery
 m - a ring of willpower (left hand)
Wands
 s - a wand of polymorph (7)
 w - a wand of iceblast (6)
Scrolls
 b - a scroll of silence {unknown}
 e - 3 scrolls of poison {unknown}
 g - a scroll of teleportation {unknown}
 h - a scroll of enchant weapon {unknown}
 i - a scroll of enchant armour {unknown}
 k - 4 scrolls of identify {unknown}
 n - 3 scrolls of blinking {unknown}
 o - a scroll of amnesia {unknown}
 v - a scroll of noise {unknown}
Potions
 d - 2 potions of might
 f - a potion of heal wounds {unknown}
 j - 2 potions of curing {unknown}
 l - a potion of lignification {unknown}
 p - a potion of flight {unknown}
 t - a potion of degeneration {unknown}


   Skills:
 + Level 6.9 Fighting
 - Level 2.0 Axes
 - Level 3.2 Armour
 - Level 4.0 Shields


You had 5 spell levels left.
You didn't know any spells.
Your spell library contained the following spells:

 Spells                   Type           Power      Damage    Failure   Level
 Static Discharge         Conj/Air       0%         3-3/arc   100%        2
 Dispel Undead            Necr           0%         3d6       100%        4
 Sticky Flame             Conj/Fire      0%         2d3       100%        4


Dungeon Overview and Level Annotations

Branches:
Dungeon (4/15)             Temple (1/1) D:4

Altars:
Ashenzari
Cheibriados
Dithmenos
Fedhas
Gozag
Makhleb
Nemelex Xobeh
Uskayaw
Xom
Yredelemnul
Zin
The Shining One

Annotations:
D:4 3 runed translucent doors, dittoslash's ghost, amateur DsGl
Temple 2 transporters


Innate Abilities, Weirdness & Mutations

You cannot be hasted, slowed, berserked, paralysed or teleported.
You can dig through walls and to a lower floor.
You have a pair of large antennae on your head. (SInv)
Your four strong arms can wield two-handed weapons with a shield.


Message History

You hit the orc but do no damage. You block the hobgoblin's attack.
The orc hits you but does no damage. The ball python barely misses you.
You block the ball python's attack. The orc hits you with a +0 whip.
The hobgoblin hits you but does no damage.
The hobgoblin hits you.
You slash the ball python!
You kill the ball python!
You hit the hobgoblin.
The hobgoblin hits you but does no damage.
You hit the hobgoblin.
You kill the hobgoblin!
An orc comes into view. It is wielding a +0 hand axe.
The orc warrior hits you from afar with a +0 halberd! x2
The orc moves out of view.
The orc shouts!
You block the orc warrior's attack.
You slash the orc warrior!
The orc warrior is moderately wounded.
The orc warrior barely misses you.
You hit the orc warrior.
The orc warrior is heavily wounded.
You block the orc warrior's attack.
You barely miss the orc warrior.
The orc warrior is heavily wounded.
You slash the orc!
You kill the orc!
The orc warrior hits you with a +0 halberd!
You closely miss the orc warrior.
The orc warrior is heavily wounded.
You hit the orc.
The orc warrior hits you with a +0 halberd!
* * * LOW HITPOINT WARNING * * *
The orc hits you but does no damage.
You slash the orc warrior!
The orc warrior is almost dead.
You hit the orc.
You kill the orc!
An orc wizard comes into view. It is wielding a +2 dagger of venom.
The orc warrior hits you with a +0 halberd!
You die...

{ ##..#########
######.....(.[# #
....
........#####<# #
... ######### #.# #
#.. #.# # # #.. #.#
# ##. #.. .#.##
....#..#######
.....
.......o@....#
..... #.....)####.#
##+++#
#o####.####.# ....(
#?..........######
.(...
o.{.###.###......<#
...(. .. #.#
#.####### (... #.#
#.# #.#
#.############# ...
#..............


You could see an orc warrior and an orc wizard (wandering).

Vanquished Creatures
  An orc priest (D:4)
  An iguana (D:4)
  An orc wizard (D:4)
  3 adders
  A worm (D:3)
  2 dart slugs (D:2)
  13 orcs
  4 ball pythons
  6 bats
  5 endoplasms
  2 giant cockroaches
  2 goblins
  6 hobgoblins
  4 jackals (D:1)
  6 kobolds
  4 quokkas
  3 frilled lizards
  9 rats
73 creatures vanquished.

Notes
Turn   | Place    | Note
-------+----------+-------------------------------------------
     0 | D:1      | Plasmagod the Formicid Fighter began the quest for the Orb.
     0 | D:1      | Reached XP level 1. HP: 18/18 MP: 1/1
   141 | D:1      | Reached XP level 2. HP: 24/25 MP: 2/2
   212 | D:1      | Reached skill level 4 in Fighting
   500 | D:1      | Reached XP level 3. HP: 31/31 MP: 3/3
   786 | D:2      | Found a faded altar of an unknown god.
  1344 | D:2      | Reached skill level 5 in Fighting
  1643 | D:3      | Reached XP level 4. HP: 39/39 MP: 4/4
  2082 | D:3      | Identified the +2 chain mail "Odwakkai" {-Tele rC- Dex+7}
  2107 | D:3      | Found a glowing silver altar of Zin.
  2329 | D:4      | Found a runed translucent gate.
  2329 | D:4      | Found a runed translucent gate.
  2376 | D:4      | Found a runed translucent gate.
  2378 | D:4      | Noticed dittoslash's ghost (amateur DsGl)
  2402 | D:4      | Reached skill level 6 in Fighting
  2402 | D:4      | Reached XP level 5. HP: 23/46 MP: 5/5
  2414 | D:4      | Found a staircase to the Ecumenical Temple.
  2608 | Temple   | Entered the Ecumenical Temple
  2608 | Temple   | Found a transporter.
  2608 | Temple   | Found a transporter.
  2610 | Temple   | Found a transporter.
  2610 | Temple   | Found a transporter.
  2634 | Temple   | Became a worshipper of Ashenzari the Shackled
  2935 | D:4      | Reached XP level 6. HP: 53/53 MP: 6/6
  2937 | D:4      | Noticed an orc warrior
  2951 | D:4      | Slain by an orc warrior

Illustrated notes

Levels and vault maps discovered:
D:1:      sevenhm_arrival_forest_fort_small_1, layout_rooms,
          chequers_serial_rivers_room_b
D:2:      layout_basic, ebering_ecumenical_altar_hall, chequers_mini_garden
D:3:      layout_basic, zin_treasury, hex_medium, minmay_close_crescents
D:4:      layout_loops_ring, overflow_temple_1_default,
          minmay_temple_entry_mist, ebering_ghost_rock_garden
Temple:   hellmonk_temple_divided_pantheon

Skill      XL: |  1  2  3  4 |
---------------+-------------+-----
Fighting       | 4 5 6 |  6.9
Axes           | |  2.0
Armour         | |  3.2
Shields        | |  4.0

Action                   |  1- 3 |  4- 6 || total
-------------------------+-------+-------++-------
Melee: War axe           |   110 |    87 ||   197
Armor: Scale mail        |    35 |       ||    35
       Plate armour      |    23 |    11 ||    34
       Chain mail        |       |    26 ||    26
Dodge: Dodged            |    61 |    22 ||    83
Block: Buckler           |    30 |    24 ||    54

Table legend: (Time is in decaauts)
 A = Elapsed time spent in this place.
 B = Non-inter-level travel time spent in this place.
 C = Inter-level travel time spent in this place.
 D = Time resting spent in this place.
 E = Time spent auto-exploring this place.
 F = Levels seen in this place.
 G = Mean time per level.
                   A        B        C        D        E       F      G
               +--------+--------+--------+--------+--------+-----+--------+
         Total |   3039 |   2989 |     50 |    185 |   2171 |   5 |  607.8 |
       Dungeon |   2995 |   2945 |     50 |    185 |   2171 |   4 |  748.8 |
        Temple |     43 |     43 |      0 |      0 |      0 |   1 |   43.0 |
               +--------+--------+--------+--------+--------+-----+--------+

Top non-repeatable levels by time:
     D:2: 955 daAuts
     D:3: 763 daAuts
     D:1: 674 daAuts
     D:4: 601 daAuts
  Temple: 43 daAuts
